 Dungeon Crawl Stone Soup version 0.22-a0-253-gf9d0ce5 (webtiles) character file.

2 GameOver the Sneak (level 1, -1/15 HPs)
             Began as a Naga Wizard on Mar 3, 2018.
             Slain by a jackal (3 damage)
             ... on level 1 of the Dungeon.
             The game lasted 00:01:08 (97 turns).

GameOver the Sneak (Naga Wizard)                      Turns: 97, Time: 00:01:09

Health: -1/15      AC:  1    Str:  9    XL:     1   Next: 30%
Magic:  1/4        EV: 10    Int: 18    God:
Gold:   16         SH:  0    Dex:  9    Spells: 5/6 levels left

rFire    . . .     SeeInvis +   g - +0 dagger
rCold    . . .     Gourm    .   (no shield)
rNeg     . . .     Faith    .   a - +0 robe
rPois    +         Spirit   .   b - +0 hat
rElec    .         Reflect  .   (no cloak)
rCorr    .         Harm     .   (no gloves)
MR       .....                  (no barding)
Stlth    ++........             f - amulet of inaccuracy (curse)
HPRegen  0.05/turn              (no ring)
MPRegen  0.09/turn              (no ring)

@: short of breath, very slightly contaminated, very slow
A: large, see invisible, deformed body, poison resistance, slowness 2, slow
metabolism 1, spit poison 1, AC +0
a: Spit Poison


You were on level 1 of the Dungeon.
You were not hungry.

You visited 1 branch of the dungeon, and saw 1 of its levels.

You collected 16 gold pieces.

Inventory:

Hand Weapons
 g - a +0 dagger (weapon)
Armour
 a - a +0 robe (worn)
 b - a +0 hat (worn)
Jewellery
 f - a cursed amulet of inaccuracy (around neck)
Scrolls
 e - 2 scrolls of fog {unknown}
Potions
 c - a potion of cancellation {unknown}
Comestibles
 d - a ration


   Skills:
 - Level 1.5 Dodging
 + Level 3.1 Stealth
 - Level 3.0 Spellcasting
 * Level 1.2 Conjurations
   Level 1.0 Summonings
   Level 1.0 Translocations


You had 5 spell levels left.
You knew the following spells:

 Your Spells              Type           Power        Failure   Level  Hunger
a - Magic Dart            Conj           #...         10%         1    None


Dungeon Overview and Level Annotations

Branches:
Dungeon (1/15)

Altars:


Innate Abilities, Weirdness & Mutations

You cannot wear boots.
Your serpentine skin is tough. (AC +0)
You have supernaturally acute eyesight. (SInv)
Armour fits poorly on your strangely shaped body.
Your system is resistant to poisons. (rPois)
You cover ground very slowly.
You have a slow metabolism.
You can spit poison.


Message History

You don't have enough magic to cast that spell.
Unknown command.
The jackal barely misses you.
Found a stone staircase leading down.
You see here a whip.
The jackal closely misses you.
A bat comes into view.
You have got your breath back.
The jackal bites you.
* * * LOW HITPOINT WARNING * * *
A kobold comes into view. It is wielding a dagger.
The jackal bites you but does no damage.
The jackal bites you.
* * * LOW HITPOINT WARNING * * *
The jackal barely misses you.
Press: ? - help, Shift-Dir - straight line, f - kobold, p - jackal
Aim: a kobold, wielding a dagger The splash of poison misses the jackal.
The splash of poison misses the kobold.
You feel slightly more hungry. The jackal bites you.
You die...

### .#######....<... #..
.. ####...## # #.##.##
##(..## #> #.#... ##..⌠..#
###.# #.#..# ##.......
#.....#.#..# ##..⌠...⌠.
#.....#.#..###.##...(.⌠...
#......Kh.......###.......
#b....#.#@#....# (####.###
#.... #)#.#.#####.# #.(#
#### #.#.#.# #.# #..#
#.#.#.# ##># #..#
#.#.#.####.#.##..#
#....†....###....#
#####.####.#.##### #.#
##.###### #.# #.........


You could see a jackal and a kobold.

Vanquished Creatures
  A goblin (D:1)
  A kobold (D:1)
  A rat (D:1)
3 creatures vanquished.

Notes
Turn   | Place    | Note
-------+----------+-------------------------------------------
     0 | D:1      | GameOver the Naga Wizard began the quest for the Orb.
     0 | D:1      | Reached XP level 1. HP: 15/15 MP: 4/4
    97 | D:1      | Slain by a jackal

Vault maps used:
D:1:      dpeg_arrival_leaves_temple_mockup

Action                   || total
-------------------------++-------
 Cast: Magic Dart        ||     6
 Abil: Spit Poison       ||     4
Armor: Robe              ||     1
Dodge: Dodged            ||     6

Table legend:
 A = Spawn XP
 B = Non-spawn XP
 C = Spawn XP percentage of total XP
 D = Spawn monster count
 E = Non-spawn monster count
 F = Spawn count percentage of total count
 G = Total turns spent on level
                    A         B        C        D         E        F      G
               +---------+---------+-------+---------+---------+-------+---------
         Total |       0 |       3 |   0.0 |       0 |       3 |   0.0 |    97
               +---------+---------+-------+---------+---------+-------+---------
           D:1 |       0 |       3 |   0.0 |       0 |       3 |   0.0 |    97
               +---------+---------+-------+---------+---------+-------+---------
